 Dungeon Crawl Stone Soup version 0.19-a0-1107-gc676ff4 (webtiles) character file.

1972 4thArraOfDagon the Grappler (level 9, 1/83 HPs)
             Began as a Troll Arcane Marksman on Aug 9, 2016.
             Was a Believer of Cheibriados.
             Quit the game on level 9 of the Dungeon.
             The game lasted 00:08:53 (1671 turns).

4thArraOfDagon the Grappler (Troll Arcane Marksman) Turns: 1671, Time: 00:08:54

Health: 1/83       AC:  5    Str: 24 (26) XL:     9   Next: 0%
Magic:  4/10       EV: 11    Int: 21 (24) God:    Cheibriados [**....]
Gold:   178        SH:  0    Dex: 12 (14) Spells: 1 memorised, 9 levels left

rFire  . . .     SeeInvis .       - Unarmed
rCold  . . .     Gourm    +     a - +0 robe
rNeg   . . .     Faith    .     (no shield)
rPois  .         Spirit   .     (helmet restricted)
rElec  .         Dismiss  .     (no cloak)
rCorr  .         Reflect  .     (gloves unavailable)
SustAt .         Harm     .     (boots unavailable)
MR     .....                    (no amulet)
Stlth  +.........               (no ring)
                                p - +2 ring of intelligence

@: brilliant, lethally poisoned (1 -> -1), very slow
A: unfitting armour, claws 3, fast metabolism 3, gourmand, regeneration 2,
shaggy fur 1, tough skin 2
a: Bend Time, Renounce Religion


You were on level 9 of the Dungeon.
You worshipped Cheibriados.
Cheibriados was pleased with you.
You were full.

You visited 1 branch of the dungeon, and saw 9 of its levels.

You collected 178 gold pieces.

Inventory:

Missiles
 c - 4 large rocks (quivered)
 d - a throwing net
Armour
 a - a +0 robe (worn)
Jewellery
 p - a +2 ring of intelligence (left claw)
Wands
 i - a wand of iceblast (10/15)
Scrolls
 h - 3 scrolls of recharging {unknown}
 m - 3 scrolls of remove curse {unknown}
 n - a scroll of fear {unknown}
 q - a scroll of immolation {unknown}
 s - 2 scrolls of blinking {unknown}
 v - 2 scrolls of teleportation {unknown}
Potions
 l - a potion of degeneration
 r - a potion of haste
Books
 b - a book of Debilitation

   Spells                             Type                      Level
   a - Corona                         Hexes                        1
   b - Slow                           Hexes                        2
   c - Gell's Gravitas                Hexes/Translocation          3
   d - Inner Flame                    Hexes/Fire                   3
   e - Cause Fear                     Hexes                        4
   f - Leda's Liquefaction            Hexes/Earth                  4
Comestibles
 f - 4 bread rations
 g - a slice of pizza
 j - a beef jerky
 u - a meat ration


   Skills:
 + Level 3.6 Fighting
 - Level 1.7 Throwing
 + Level 4.0 Dodging
 * Level 8.7 Unarmed Combat
 - Level 1.0 Spellcasting
 - Level 2.0 Hexes
 + Level 3.8 Invocations


You had 9 spell levels left.
You knew the following spells:

 Your Spells              Type           Power        Failure   Level  Hunger
a - Corona                Hex            ###....      1%          1    ##.....


Dungeon Overview and Level Annotations

Branches:
Dungeon (9/15)               Lair (0/6) D:8
 Temple: D:4-7          Orc: D:9-12

Altars:
Ashenzari
Cheibriados
Dithmenos
Fedhas
Gozag
Qazlal
Uskayaw
Vehumet

Shops:
D:4 *:

Annotations:
D:9 p0werm0de's ghost, journeyman DsCK


Innate Abilities, Weirdness & Mutations

You are too large for most types of armour.
You have claws for hands.
Your metabolism is lightning-fast.
You like to eat raw meat.
You heal very quickly.
You are covered in fur. (AC +1)
You have very tough skin. (AC +2)


Message History

Unknown command.
You bump into the rock wall.
You feel sick. P0werm0de's ghost hits you.
* * * LOW HITPOINT WARNING * * *
Cheibriados protects you from inadvertent hurry.
The howler monkey hits you.
* * * LOW HITPOINT WARNING * * *
Unknown command.
Unknown command.
Unknown command.
You barely miss p0werm0de's ghost.
P0werm0de's ghost is moderately damaged.
You feel less confused. The howler monkey hits you.
* * * LOW HITPOINT WARNING * * *
P0werm0de's ghost hits you.
* * * LOW HITPOINT WARNING * * *
You are lethally poisoned!
A crimson imp comes into view.
Unknown command.
Are you sure you want to abandon this character and quit the game? (Confirm with "yes".)

# #### .# ...# .##.
...# ..o.. ...#
###... #### #O5. #
#########o# ####
#.%.....Wh# ...#
#......).@# .#.#
#.........# .#.#
#[........# ...###
#.........# .....#
#........##
.....###.....♣..#
.....'.'.....♣..###
.....###..........#
.....# #######....#


You could see an ogre, a howler monkey, p0werm0de's ghost, a crimson imp and an
orc.

Vanquished Creatures
  A hungry ghost (D:9)
  A warg (D:9)
  An orc warrior (D:8)
  A black bear (D:7)
  A wasp (D:8)
  A phantom (D:4)
  A centaur (D:5)
  An ogre (D:6)
  2 giant frogs
  4 killer bees (D:9)
  5 wights (D:4)
  2 howler monkeys
  3 crimson imps
  2 orc priests
  2 giant frog skeletons
  2 hounds (D:4)
  3 orc wizards
  A centaur skeleton (D:4)
  2 iguanas (D:4)
  3 worker ants
  6 adders
  3 giant geckos
  17 orcs
  A bat (D:2)
  2 giant cockroaches
  3 jackals (D:6)
  2 quokkas (D:6)
  2 giant newts
  A rat (D:2)
76 creatures vanquished.

Notes
Turn   | Place    | Note
-------+----------+-------------------------------------------
     0 | D:1      | 4thArraOfDagon the Troll Arcane Marksman began the quest for the Orb.
     0 | D:1      | Reached XP level 1. HP: 18/18 MP: 1/1
    37 | D:2      | Reached skill level 1 in Unarmed Combat
    37 | D:2      | Reached XP level 2. HP: 26/26 MP: 2/2
    43 | D:2      | Found a blossoming altar of Fedhas.
   147 | D:4      | Reached skill level 3 in Unarmed Combat
   147 | D:4      | Reached XP level 3. HP: 16/32 MP: 3/3
   209 | D:4      | Reached XP level 4. HP: 34/40 MP: 4/4
   228 | D:3      | Found a shattered altar of Ashenzari.
   228 | D:3      | Found a blossoming altar of Fedhas.
   228 | D:3      | Found a shadowy altar of Dithmenos.
   228 | D:3      | Found a hide-covered altar of Uskayaw.
   231 | D:3      | Found a snail-covered altar of Cheibriados.
   239 | D:3      | Became a worshipper of Cheibriados the Contemplative
   256 | D:4      | Reached skill level 4 in Unarmed Combat
   272 | D:4      | Reached XP level 5. HP: 24/46 MP: 5/5
   281 | D:4      | HP: 1/46 [wight/enchanted mace (10)]
   284 | D:4      | Reached skill level 5 in Unarmed Combat
   347 | D:4      | Found Fuidigeu's General Store.
   382 | D:4      | Reached skill level 1 in Fighting
   382 | D:4      | Reached XP level 6. HP: 45/55 MP: 6/6
   413 | D:4      | Reached skill level 6 in Unarmed Combat
   413 | D:4      | Reached skill level 1 in Invocations
   474 | D:5      | Entered Level 5 of the Dungeon
   511 | D:5      | Reached * piety under Cheibriados
   511 | D:5      | Reached XP level 7. HP: 37/63 MP: 7/7
   546 | D:5      | Found a radiant altar of Vehumet.
   571 | D:4      | Found Nettor's Book Shoppe.
   742 | D:5      | Found a stormy altar of Qazlal.
   917 | D:6      | Reached skill level 7 in Unarmed Combat
  1056 | D:6      | Reached XP level 8. HP: 71/74 MP: 8/8
  1127 | D:6      | Reached ** piety under Cheibriados
  1265 | D:8      | Found a staircase to the Lair.
  1391 | D:8      | Reached skill level 8 in Unarmed Combat
  1598 | D:9      | Reached XP level 9. HP: 51/83 MP: 10/10
  1604 | D:9      | Found an opulent altar of Gozag.
  1649 | D:9      | Noticed p0werm0de's ghost (journeyman DsCK)
  1670 | D:9      | HP: 1/83 [p0werm0de's ghost (4)]
  1671 | D:9      | Quit the game

Vault maps used:
D:1:      minmay_arrival_five_plusses, kennysheep_flooded_box
D:2:      first_bread, tgw_fedhas, uniq_terence, uniq_robin
D:3:      overflow_temple_1_default, nicolae_overflow_hidden_temple,
          uniq_sigmund, uniq_crazy_yiuf_cottage
D:4:      corexii_shack_village, nicolae_qazlal_eye_of_the_storm, serial_shops,
          shop, kennysheep_little_box
D:5:      hangedman_feature_mirror, minmay_misc_feat_encased, uniq_blork_the_orc
D:6:      grunt_ministairs_12
D:7:      grunt_ogre_cave
D:8:      minmay_lair_entry_lava
D:9:      grunt_pakellas_mercury, minmay_orc_entry_guard_dogs, serial_shops,
          shop, grunt_gozag_breadcrumbs, uniq_erica

Skill      XL: |  1  2  3  4  5  6  7  8 |
---------------+-------------------------+-----
Unarmed Combat | 1 3 4 5 6 7 8 |  8.7
Fighting       | 1 2 3 |  3.6
Invocations    | 1 2 3 |  3.8
Dodging        | 2 4 |  4.0
Throwing       | |  1.7
Spellcasting   | |  1.0
Hexes          | |  2.0

Action                   |  1- 3 |  4- 6 |  7- 9 || total
-------------------------+-------+-------+-------++-------
Melee: Unarmed           |    24 |    71 |   195 ||   290
       Punch             |     2 |     1 |     4 ||     7
Throw: Throwing net      |       |     3 |       ||     3
       Large rock        |       |       |     2 ||     2
Invok: Bend Time         |       |       |     1 ||     1
  Use: Potion            |       |       |     8 ||     8
 Stab: Held in net/web   |       |     2 |       ||     2
       Sleeping          |       |     1 |       ||     1
  Eat: Chunk             |     3 |     4 |    16 ||    23
Armor: Robe              |    11 |    10 |    60 ||    81
Dodge: Dodged            |    13 |    21 |   100 ||   134
